 Dungeon Crawl Stone Soup version 0.24.1-8-ga250c9d538 (webtiles) character file.

Game seed: 12670017472388989980, levelgen mode: deterministic

71 Hugehornet the Insei (level 4, -3/42 HPs)
             Began as an Octopode Transmuter on May 9, 2020.
             Slain by a gnoll
             ... wielding a +0 spear
              (4 damage)
             ... on level 2 of the Dungeon.
             The game lasted 00:01:51 (955 turns).

Hugehornet the Insei (Octopode Transmuter)           Turns: 955, Time: 00:01:52

Health: -3/42      AC: 22    Str:  9    XL:     4   Next: 24%
Magic:  7/8        EV:  2    Int: 16    God:
Gold:   88         SH:  0    Dex: 12    Spells: 2/8 levels left

rFire    . . .     SeeInvis .     - Unarmed
rCold    . . .     Gourm    .   (no shield)
rNeg     + + +     Faith    .   (helmet currently unavailable)
rPois    +         Spirit   .   (no amulet)
rElec    .         Reflect  .   (no ring)
rCorr    .         Harm     .   (no ring)
MR       .....     NoTele   +   (no ring)
Stlth    +.........             (no ring)
HPRegen  0.14/turn              (no ring)
MPRegen  0.11/turn              (no ring)
                                (no ring)
                                (no ring)

@: tree-form
A: almost no armour, stealthy swim, (amphibious), 8 rings, (constrict 8)
a: no special abilities


You were on level 2 of the Dungeon.
You were not hungry.
You were a tree.
You visited 1 branch of the dungeon, and saw 2 of its levels.

You collected 88 gold pieces.

Inventory:

Missiles
 a - 12 arrows
Scrolls
 b - a scroll of fear {unknown}
 f - a scroll of remove curse {unknown}
 g - a scroll of immolation {unknown}
 h - a scroll of enchant armour {unknown}
Potions
 d - a potion of flight {unknown}
 e - a potion of lignification
Comestibles
 c - 7 rations


   Skills:
 - Level 1.0 Fighting
 - Level 2.0 Dodging
 + Level 3.2 Unarmed Combat
 + Level 2.8 Spellcasting
 - Level 3.0 Transmutations
 * Level 2.0 Poison Magic


You had 2 spell levels left.
You knew the following spells:

 Your Spells              Type           Power        Failure   Level  Hunger
a - Beastly Appendage     Tmut           ##....       5%          1    #......
b - Sticks to Snakes      Tmut           ##......     9%          2    ##.....
c - Spider Form           Tmut/Pois      ##........   21%         3    ###....

Your spell library contained the following spells:

 Spells                   Type           Power        Failure   Level  Hunger
 Ice Form                 Ice/Tmut       #.......     71%         4    #####..
 Blade Hands              Tmut           ##........   83%         5    ######.


Dungeon Overview and Level Annotations

Branches:
Dungeon (2/15)

Altars:
Dithmenos


Innate Abilities, Weirdness & Mutations

You cannot wear most types of armour.
You are very stealthy in the water. (Stealth+)
((You are amphibious.))
You can wear up to eight rings at the same time.
((You can use your tentacles to constrict eight enemies at once.))
((Your skin changes colour to match your surroundings (Stealth+).))
((Your rubbery body absorbs attacks. (AC +1, EV +1)))


Message History

You release your grip on the gnoll.
A gnoll comes into view. It is wielding a +1 vampiric halberd.
It was a potion of lignification.
Your tentacle spike disappears.
You turn into a tree.
Your roots penetrate the ground.
The gnoll hits you with a +0 flail.
* * * LOW HITPOINT WARNING * * *
The gnoll hits you but does no damage.
The gnoll shouts!
You smack the gnoll!
You kill the gnoll!
Your Poison Magic skill increases to level 2!
You hear a shout!
The gnoll hits you but does no damage.
You cannot move.
You cannot move.
The gnoll hits you but does no damage.
A kobold comes into view. It is wielding a +0 dagger.
The gnoll hits you from afar with a +0 spear.
You die...

###### #.#
#...># #.#
#....# #.#
#....# #.#
#†...# #.#
#....+
#.#####....#
#.........g#
########K#+#....
#..♣)gg..# ?..
#.######.# ..
#.#....#.# .
#.#......#
##.####.###.#..
#..............
#######.###.#..
#...<#.#
#.####.#


You could see 2 gnolls and a kobold.

Vanquished Creatures
  2 gnolls (D:2)
  An adder (D:2)
  2 worms (D:2)
  3 dart slugs (D:1)
  3 giant cockroaches
  A goblin (D:1)
  4 hobgoblins (D:1)
  4 jackals (D:2)
  A quokka (D:2)
  3 bats (D:1)
  A frilled lizard (D:1)
  4 kobolds
  A rat (D:2)
30 creatures vanquished.

Notes
Turn   | Place    | Note
-------+----------+-------------------------------------------
     0 | D:1      | Hugehornet the Octopode Transmuter began the quest for the
                  | Orb.
     0 | D:1      | Reached XP level 1. HP: 13/13 MP: 3/3
    61 | D:1      | Reached XP level 2. HP: 17/18 MP: 3/5
    65 | D:1      | Learned a level 2 spell: Sticks to Snakes
   144 | D:1      | You fall into a shaft and drop 1 floor!
   163 | D:2      | Found a shadowy altar of Dithmenos.
   508 | D:1      | Reached XP level 3. HP: 16/23 MP: 6/6
   513 | D:1      | Learned a level 3 spell: Spider Form
   895 | D:2      | Reached skill level 1 in Poison Magic
   947 | D:2      | Reached XP level 4. HP: 8/28 MP: 8/8
   949 | D:2      | HP: 1/28 [gnoll/+0 flail (8)]
   955 | D:2      | Slain by a gnoll

Levels and vault maps discovered:
D:1:      minmay_arrival_hallway, layout_basic
D:2:      layout_basic, lemuel_round_altar, dk_noncrumbling_2,
          wad_floor_pattern_untrapped, nicolae_qazlal_general_emergency,
          uniq_jessica

Skill      XL: |  1  2  3  4 |
---------------+-------------+-----
Transmutations | 3 |  3.0
Poison Magic   | 1 2 |  2.0
Fighting       | |  1.0
Dodging        | |  2.0
Unarmed Combat | |  3.2
Spellcasting   | |  2.8

Action                   |  1- 3 |  4- 6 || total
-------------------------+-------+-------++-------
Melee: Unarmed           |    68 |     3 ||    71
       Constrict         |    21 |     1 ||    22
       Tentacles         |     9 |       ||     9
       Punch             |     1 |       ||     1
       Kick              |    18 |     2 ||    20
 Cast: Beastly Appendage |    16 |     1 ||    17
  Use: Potion            |       |     1 ||     1
 Stab: Sleeping          |     3 |       ||     3
Armor: Skin              |     3 |     3 ||     6
Dodge: Dodged            |    42 |     1 ||    43
